 Dungeon Crawl Stone Soup version 0.24-a0-462-ge24419a6ad (webtiles) character file.

Game seed: 4509553722735837231

1243 Peloso the Slasher (level 8, -3/103 HPs)
             Began as a Minotaur Fighter on July 2, 2019.
             Was an Initiate of Okawaru.
             Killed by divine providence
             ... invoked by an orc priest
              (12 damage)
             ... on level 5 of the Dungeon.
             The game lasted 00:07:55 (4043 turns).

Peloso the Slasher (Minotaur Fighter)               Turns: 4043, Time: 00:08:00

Health: -3/103     AC: 24    Str: 26    XL:     8   Next: 25%
Magic:  6/7        EV:  2    Int:  5    God:    Okawaru [......]
Gold:   281        SH: 11    Dex: 12    Spells: 7/7 levels left

rFire    . . .     SeeInvis .   a - +0 long sword
rCold    . . .     Gourm    .   c - +0 shield
rNeg     + + +     Faith    .   (armour currently unavailable)
rPois    +         Spirit   .   (helmet currently unavailable)
rElec    .         Reflect  .   (cloak currently unavailable)
rCorr    .         Harm     .   (gloves currently unavailable)
MR       .....     NoTele   +   (boots currently unavailable)
Stlth    +.........             (no amulet)
HPRegen  0.27/turn              (no ring)
MPRegen  0.10/turn              (no ring)

@: mighty, tree-form
A: (retaliatory headbutt)
a: Renounce Religion


You were on level 5 of the Dungeon.
You worshipped Okawaru.
Okawaru was noncommittal.
You were not hungry.
You were a tree.
You visited 2 branches of the dungeon, and saw 6 of its levels.

You collected 281 gold pieces.

Inventory:

Hand Weapons
 a - a +0 long sword (weapon)
Armour
 b - a +0 scale mail
 c - a +0 shield (worn)
 i - a +0 plate armour (melded)
 l - a scarf of repulsion
 q - a +0 pair of boots (melded)
 r - a scarf of spirit shield (melded)
Jewellery
 E - an uncursed amulet of the acrobat {unknown}
Wands
 y - a wand of digging (8)
 D - a wand of random effects (11)
Scrolls
 g - 2 scrolls of random uselessness {unknown}
 k - 2 scrolls of magic mapping {unknown}
 m - 3 scrolls of teleportation {unknown}
 o - 3 scrolls of enchant armour {unknown}
 s - a scroll of remove curse {unknown}
 v - 2 scrolls of fear {unknown}
 x - 3 scrolls of enchant weapon {unknown}
Potions
 e - a potion of degeneration {unknown}
 h - 2 potions of lignification
 j - 2 potions of cancellation {unknown}
 n - a potion of mutation {unknown}
 p - a potion of berserk rage {unknown}
 t - 2 potions of brilliance {unknown}
 w - a potion of haste {unknown}
 z - a potion of experience {unknown}
 A - a potion of heal wounds {unknown}
 B - a potion of flight {unknown}
Comestibles
 f - 10 rations
 C - 2 chunks of flesh


   Skills:
 + Level 5.4 Fighting
 + Level 7.2 Long Blades
 + Level 7.1 Armour
 + Level 1.0 Dodging
 + Level 7.2 Shields


You had 7 spell levels left.
You didn't know any spells.
Your spell library was empty.

Dungeon Overview and Level Annotations

Branches:
Dungeon (5/15)             Temple (1/1) D:4

Altars:
Ashenzari
Dithmenos
Elyvilon
Gozag
Hepliaklqana
Kikubaaqudgha
Makhleb
Nemelex Xobeh
Okawaru
Ru
Trog
Uskayaw
Xom
Yredelemnul
Zin
The Shining One


Innate Abilities, Weirdness & Mutations

((You reflexively headbutt those who attack you in melee.))
((You have a pair of horns on your head.))


Message History

You feel better.
The centaur hits you but does no damage.
You block the orc priest's attack. Something hits you but does no damage.
The orc hits you but does no damage.
The centaur hits you but does no damage.
You hit the orc.
The orc is severely wounded.
The orc priest mumbles some strange prayers to Beogh against you.
Beogh smites you!
* * * LOW HITPOINT WARNING * * *
You block the orc priest's attack.
The centaur hits you but does no damage.
Something completely misses you. The orc hits you but does no damage.
You feel better. The centaur hits you.
* * * LOW HITPOINT WARNING * * *
You block the orc priest's attack. You block something's attack.
The centaur hits you but does no damage.
The orc priest calls down the wrath of Beogh upon you.
Beogh smites you!
You die...

..... ##.....#... #.
.... #...........
#$.###... ....<........
..#..... ..............
. #.....##..#...(.......
..##....................
..........#............†
#.....{)# #.............
###...c♣###.........#...
#####oo.#........##...
##o..........#.##..
#.(..#.#.......###.
#)####...## ##.##.......
........######.#....####
.#........##...#....#
#####.##....####...# #.
#.#..# ##..#


You could see a centaur, 2 orc priests and an orc.

Vanquished Creatures
  Eustachio (D:5)
  Menkaure (D:4)
  Duvessa (D:5)
  An eye of draining (D:4)
  2 phantoms (D:4)
  A big kobold (D:4)
  Dowan (D:5)
  A howler monkey (D:4)
  A crimson imp (D:2)
  A bullfrog zombie (D:5)
  A quasit (D:4)
  3 hounds
  An orc priest (D:4)
  4 worker ants
  An orc wizard (D:3)
  A hound skeleton (D:4)
  A howler monkey skeleton (D:4)
  3 adders
  An ooze (D:2)
  3 worms
  2 dart slugs
  3 leopard geckos
  5 orcs
  3 giant cockroaches
  2 goblins
  8 hobgoblins
  2 jackals (D:4)
  7 kobolds
  A quokka (D:3)
  8 bats
  11 frilled lizards
  A jackal skeleton (D:5)
  A leopard gecko skeleton (D:4)
  9 rats
93 creatures vanquished.

Vanquished Creatures (others)
  An adder zombie (D:5)
1 creature vanquished.

Grand Total: 94 creatures vanquished

Notes
Turn   | Place    | Note
-------+----------+-------------------------------------------
     0 | D:1      | Peloso the Minotaur Fighter began the quest for the Orb.
     0 | D:1      | Reached XP level 1. HP: 19/19 MP: 0/0
   221 | D:1      | Reached XP level 2. HP: 27/27 MP: 1/1
   971 | D:2      | Reached XP level 3. HP: 32/33 MP: 2/2
  1611 | D:2      | Reached XP level 4. HP: 40/40 MP: 3/3
  2025 | D:3      | Found a hide-covered altar of Uskayaw.
  2039 | D:3      | Found an ancient bone altar of Kikubaaqudgha.
  2602 | D:3      | Reached skill level 5 in Shields
  2602 | D:3      | Reached XP level 5. HP: 43/46 MP: 4/4
  2673 | D:4      | Noticed an eye of draining
  2677 | D:4      | Reached skill level 5 in Armour
  2695 | D:4      | Killed an eye of draining
  2695 | D:4      | Reached XP level 6. HP: 53/53 MP: 0/5
  2815 | D:4      | Reached skill level 5 in Long Blades
  3099 | D:4      | Reached XP level 7. HP: 49/60 MP: 6/6
  3190 | D:4      | Reached skill level 5 in Fighting
  3388 | D:4      | Noticed Menkaure
  3400 | D:4      | Killed Menkaure
  3699 | D:4      | Found a staircase to the Ecumenical Temple.
  3801 | Temple   | Entered the Ecumenical Temple
  3823 | Temple   | Became a worshipper of Warmaster Okawaru
  3869 | D:5      | Entered Level 5 of the Dungeon
  3902 | D:5      | Noticed Eustachio
  3925 | D:5      | Killed Eustachio
  3933 | D:5      | Reached XP level 8. HP: 61/68 MP: 4/7
  4015 | D:5      | Noticed Duvessa
  4016 | D:5      | Noticed Dowan
  4024 | D:5      | Killed Dowan
  4030 | D:5      | Killed Duvessa
  4030 | D:5      | Reached skill level 1 in Dodging
  4040 | D:5      | HP: 5/103 [centaur (6)]
  4042 | D:5      | HP: 1/103 [orc priest/divine providence (13)]
  4043 | D:5      | Killed from afar by an orc priest

Levels and vault maps discovered:
D:1:      noname_arrival_rooms_in_the_neighbourhood, layout_rooms,
          minmay_octomino_e4
D:2:      layout_loops_ring, serial_co_window_serial, co_window_paths_b,
          co_window_of_opportunity_a, co_window_of_opportunity_a,
          co_window_paths_a, co_window_corner_a, co_window_of_opportunity_a,
          co_window_of_opportunity_a, co_window_2corner,
          co_window_of_opportunity_c, co_window_unsneaky_path_a,
          co_window_broadway_a, co_window_4corner_b, co_window_paths_d,
          glass_columns_b, glass_columns_b, glass_columns_a, glass_columns_a,
          minmay_misc_feat_x
D:3:      layout_basic, chequers_temple_overflow_statue_of_worship,
          kennysheep_generic_room_7
D:4:      layout_cave_pools, minmay_temple_entry_proselytizer,
          corexii_hall_statues_l, minmay_box_of_dots, uniq_menkaure
D:5:      layout_cave_pools, vehumet_crystals, gup_ossuary_entry_pyramid,
          first_ration, minmay_checkerbox, uniq_eustachio, uniq_duvessa
Temple:   nicolae_temple_x_marks_the_god

Skill      XL: |  1  2  3  4  5  6  7  8 |
---------------+-------------------------+-----
Armour         | 4 5 6 7 |  7.1
Fighting       | 4 5 |  5.4
Shields        | 4 5 6 7 |  7.2
Long Blades    | 3 4 5 6 7 |  7.2
Dodging        | 1 |  1.0

Action                   |  1- 3 |  4- 6 |  7- 9 || total
-------------------------+-------+-------+-------++-------
Melee: Long sword        |    96 |   163 |    79 ||   338
       Headbutt          |    20 |    30 |    21 ||    71
  Use: Potion            |       |       |     5 ||     5
  Eat: Chunk             |     2 |     5 |       ||     7
       Ration            |       |       |     1 ||     1
Armor: Scale mail        |    16 |       |       ||    16
       Plate armour      |    72 |   102 |    62 ||   236
       Skin              |       |       |    17 ||    17
Dodge: Dodged            |    28 |    22 |    31 ||    81
Block: Shield            |    56 |   103 |    60 ||   219
       Rpst.: Long sword |     9 |     4 |     8 ||    21

Table legend:
 A = Non-vault XP
 B = Vault XP
 C = Vault XP percentage of total XP
 D = Non-vault monster count
 E = Vault monster count
 F = Vault count percentage of total count
                 A         B        C        D         E       F
            +---------+---------+-------+---------+---------+-------
      Total |    1114 |     662 |  37.3 |      84 |       9 |   9.7
            +---------+---------+-------+---------+---------+-------
        D:1 |      22 |       3 |  12.0 |      16 |       3 |  15.8
        D:2 |     103 |       0 |   0.0 |      22 |       0 |   0.0
        D:3 |      82 |       0 |   0.0 |      18 |       0 |   0.0
        D:4 |     762 |     246 |  24.4 |      21 |       3 |  12.5
        D:5 |     145 |     413 |  74.0 |       7 |       3 |  30.0
            +---------+---------+-------+---------+---------+-------
